 Dungeon Crawl Stone Soup version 0.30.0 (webtiles) character file.

Game seed: 1974192647094473651

7 monsoonserge the Sneak (level 1, -1/9 HPs)
             Began as a Spriggan Enchanter on May 6, 2023.
             Slain by a goblin
             ... wielding a +0 dagger
              (4 damage)
             ... on level 1 of the Dungeon.
             The game lasted 00:00:44 (144 turns).

monsoonserge the Sneak (Spriggan Enchanter)          Turns: 144, Time: 00:00:44

Health: -1/9       AC:  2    Str:  4    XL:     1   Next: 83%
Magic:  5/5        EV: 17    Int: 16    God:
Gold:   23         SH:  0    Dex: 15    Spells: 5/5 levels left

rFire   . . .        a - +1 dagger
rCold   . . .        (no shield)
rNeg    . . .        b - +0 robe
rPois   .            (helmet restricted)
rElec   .            (no cloak)
rCorr   .            (gloves unavailable)
SInv    +            (boots unavailable)
Will    .....        (no amulet)
Stlth   +++          (no ring)
HPRegen 0.21/turn    (no ring)
MPRegen 0.09/turn

%: no passive effects
@: very quick
A: very small, no large weapons, unfitting armour, see invisible, speed 3
a: no special abilities


You were on level 1 of the Dungeon.
You visited 1 branch of the dungeon, and saw 1 of its levels.

You collected 23 gold pieces.

Inventory:

Hand Weapons
 a - a +1 dagger (weapon)
Missiles
 d - 4 stones (quivered)
Armour
 b - a +0 robe (worn)
Scrolls
 g - a scroll of torment {unknown}
Potions
 c - 2 potions of invisibility
 e - a potion of attraction {unknown}
 f - a potion of lignification {unknown}


   Skills:
 + Level 1.1 Short Blades
 + Level 2.7 Dodging
 + Level 4.9 Stealth
 + Level 2.8 Spellcasting
 + Level 3.8 Hexes


You had 5 spell levels left.
You didn't know any spells.
Your spell library contained the following spells:

 Spells                   Type           Power      Damage    Failure   Level
 Confusing Touch          Hex            14%        N/A       12%         3
 Tukima's Dance           Hex            14%        N/A       12%         3
 Ensorcelled Hibernation  Hex/Ice        16%        N/A       13%         2
 Beastly Appendage        Tmut           4%         N/A       19%         1
 Dazzling Flash           Conj/Hex       16%        N/A       26%         3
 Wereblood                Tmut           2%         N/A       28%         2
 Spider Form              Tmut/Pois      2%         N/A       50%         3


Dungeon Overview and Level Annotations

Branches:
Dungeon (1/15)

Altars:


Innate Abilities, Weirdness & Mutations

You are very small and have problems with some larger weapons.
You are too small for most types of armour.
You have supernaturally acute eyesight. (SInv)
You cover ground extremely quickly. (Speed+++)


Message History

The kobold is severely wounded.
The kobold closely misses you.
You hit the kobold but do no damage.
The kobold is severely wounded.
The kobold barely misses you.
You barely miss the kobold.
The kobold is severely wounded.
The kobold completely misses you.
You hit the kobold.
You kill the kobold!
d - 4 stones (gained 2)
Things that are here:
a +0 short sword; a kobold corpse You now have 23 gold pieces (gained 6).
There are no items here.
Found a book of Changes.
You pick up a book of Changes and begin reading...
You add the spells Beastly Appendage, Wereblood and Spider Form to your library.
There are no items here.
You open the door.
There is an open door here.
You open the door.
Found an escape hatch in the floor.
You open the door.
There is an open door here.
A goblin comes into view. It is wielding a +0 club.
The goblin misses you.
You hit the goblin.
The goblin is severely wounded.
A goblin comes into view. It is wielding a +0 dagger.
The goblin closely misses you. The goblin blocks your attack.
The goblin is severely wounded.
The goblin shouts!
The goblin hits you with a +0 club.
You hit the goblin.
You kill the goblin!
You hit the goblin but do no damage. The goblin hits you with a +0 dagger.
You closely miss the goblin. The goblin hits you with a +0 dagger.
You die...

#.#...#.#...
#.#...#.'...
#.#...#.#...
#.#####.#### #
###...........
#.##............ #
#.##.#)#........
#.#.##.#.#.#.##.......
#...g@###..#.##.......
......##.#.###.##.###.#.
.#### ##.## #.##.###...
#.# #.##....... ..#
#.######... #### #.#
##.. ####.#######..
#........>....
#.##.########.


You could see a goblin.

Vanquished Creatures
  A bat (D:1)
  A goblin (D:1)
  3 kobolds (D:1)
  A frilled lizard (D:1)
6 creatures vanquished.

Notes
Turn   | Place    | Note
-------+----------+-------------------------------------------
     0 | D:1      | monsoonserge the Spriggan Enchanter began the quest for the
                  | Orb.
     0 | D:1      | Reached XP level 1. HP: 9/9 MP: 5/5
   144 | D:1      | Slain by a goblin

Illustrated notes

Levels and vault maps discovered:
D:1:      minmay_arrival_four_houses, layout_loops_ring, minmay_box_of_dots

Action                     || total
---------------------------++-------
  Melee: Dagger            ||    17
         Punch             ||     1
   Stab: Sleeping          ||     4
  Dodge: Dodged            ||     9
